 Dungeon Crawl Stone Soup version 0.28-b1-25-g9875b3fc8c (webtiles) character file.

Game seed: 5466972389767895309

1091 croobank the Covert (level 8, -11/36 HPs)
             Began as a Felid Delver on Feb 1, 2022.
             Was an Elder of Okawaru.
             Mangled by a troll (14 damage)
             ... on level 8 of the Dungeon on Feb 2, 2022.
             The game lasted 00:28:59 (7314 turns).

croobank the Covert (Felid Delver)                  Turns: 7314, Time: 00:28:59

Health: -11/36     AC:  2    Str: 12    XL:     8   Next: 9%
Magic:  10/14      EV: 22    Int: 11    God:    Okawaru [****..]
Gold:   243        SH:  0    Dex: 24    Spells: 12/14 levels left
                                        Lives:  0   Deaths: 2

rFire   . . .      SeeInvis +     - Unarmed
rCold   . . .      Faith    .   (shield unavailable)
rNeg    + . .      Spirit   .   (armour unavailable)
rPois   .          Reflect  .   (helmet unavailable)
rElec   .          Harm     .   (cloak unavailable)
rCorr   .          Rampage  .   (gloves unavailable)
Will    +....                   (boots unavailable)
Stlth   +++++.....              (no amulet)
HPRegen 0.12/turn               g - +6 ring of dexterity
MPRegen 0.14/turn               n - ring of positive energy

@: finesse-ful, quick
A: very small, claws 1, fangs 3, see invisible, speed 1, shaggy fur 2, stealthy
paws, no weapons or thrown items, no armour, multi-lived
a: Renounce Religion, Heroism, Finesse


You were on level 8 of the Dungeon.
You worshipped Okawaru.
Okawaru was greatly pleased with you.
You visited 1 branch of the dungeon, and saw 8 of its levels.

You collected 243 gold pieces.

Inventory:

Missiles
 k - 182 stones
Jewellery
 g - a +6 ring of dexterity (left paw)
 n - a ring of positive energy (right paw)
Wands
 e - a wand of digging (3)
Scrolls
 a - 2 scrolls of fog
 b - a scroll of noise {unknown}
 d - a scroll of magic mapping
 f - a scroll of teleportation
 h - a scroll of amnesia {unknown}
Potions
 c - a potion of heal wounds {unknown}
 i - a potion of invisibility {unknown}
 l - a potion of flight {unknown}


   Skills:
 + Level 3.7 Fighting
 + Level 6.0 Dodging
 + Level 11.7 Stealth
 - Level 4.8 Unarmed Combat
 * Level 3.6 Spellcasting
 * Level 5.8 Hexes
 * Level 3.8 Ice Magic
 + Level 0.5 Invocations


You had 12 spell levels left.
You knew the following spells:

 Your Spells              Type           Power      Damage    Failure   Level
a - Ensorcelled Hibernat  Hex/Ice        24%        N/A       4%          2

Your spell library contained the following spells:

 Spells                   Type           Power      Damage    Failure   Level
 Passwall                 Tmut/Erth      1%         N/A       36%         2
 Ignite Poison            Fire/Tmut/Pois 2%         N/A       58%         3
 Mephitic Cloud           Conj/Pois/Air  2%         N/A       58%         3
 Spider Form              Tmut/Pois      2%         N/A       58%         3
 Swiftness                Air            2%         N/A       58%         3
 Anguish                  Hex/Necr       4%         N/A       58%         4
 Freezing Cloud           Conj/Ice/Air   2%         6-21      99%         5


Dungeon Overview and Level Annotations

Branches:
Dungeon (9/15)             Temple (0/1) D:7
   Lair: D:8-11         Orc: D:9-12

Altars:
Okawaru


Innate Abilities, Weirdness & Mutations

You have sharp claws.
You have razor-sharp teeth.
You have supernaturally acute eyesight. (SInv)
You cover ground quickly. (Speed+)
You are covered in thick fur. (AC +2)
Your paws help you pounce on unaware monsters.
You are incapable of wielding weapons or throwing items.
You cannot wear armour.
You gain extra lives every three experience levels.


Message History

The troll closely misses you.
You scratch the troll.
The troll is moderately wounded.
You scratch the troll but do no damage.
The troll is moderately wounded.
You scratch the troll but do no damage.
The troll is moderately wounded.
The troll barely misses you. x2; The troll misses you.
You closely miss the troll.
The troll is moderately wounded.
You closely miss the troll.
The troll is moderately wounded.
The troll bites you! The troll claws you! The troll misses you.
You claw the troll!
The troll is heavily wounded.
You scratch the troll.
The troll is heavily wounded.
The troll barely misses you. The troll completely misses you.
The troll barely misses you.
You claw the troll!
The troll is severely wounded.
You barely miss the troll.
The troll is severely wounded.
The troll closely misses you. The troll barely misses you.
The troll closely misses you.
You completely miss the troll.
The troll is severely wounded.
You scratch the troll. Your bite misses the troll.
The troll is almost dead.
You barely miss the troll.
The troll is almost dead.
The troll bites you. The troll claws you!
* * * LOW HITPOINT WARNING * * *
The troll completely misses you.
You scratch the troll.
The troll is almost dead.
You scratch the troll but do no damage.
The troll is almost dead.
The troll bites you!
You die...

#$.$.....................
#...........#######.###..
.............# ##.# ###
............(# ##..# #
D.>....# #...# ## T.....#
#...####. # ....#
#...#.... ####.#.#
#...#.### #.T@.#.#
#...#.#
#.##.#.#####...#.# ..
#...##......#.# ..#
##.....##.....# ##
#...###..##### ###.....##
#######


You could see a troll.

Vanquished Creatures
  Joseph (D:7)
  Grinder (D:3)
  A steam dragon (D:7)
  5 yaks
  An ice beast (D:8)
  A sky beast (D:7)
  A black bear (D:4)
  2 centaurs
  2 bullfrogs (D:7)
  2 scorpions (D:3)
  A centaur zombie (D:7)
  A hound (D:7)
  A centaur skeleton (D:7)
  A hound skeleton (D:4)
  5 adders
  2 river rats (D:3)
  4 worms
  3 dart slugs
  4 orcs
  7 ball pythons
  7 bats
  7 endoplasms
  2 giant cockroaches (D:1)
  4 goblins
  3 hobgoblins
  2 quokkas
  3 frilled lizards
  7 kobolds
  5 rats
86 creatures vanquished.

Notes
Turn   | Place    | Note
-------+----------+-------------------------------------------
     0 | D:5      | croobank the Felid Delver began the quest for the Orb.
     0 | D:5      | Reached XP level 1. HP: 10/10 MP: 2/2
   194 | D:5      | Noticed a black bear
   439 | D:4      | Reached skill level 7 in Stealth
   439 | D:4      | Reached XP level 2. HP: 14/14 MP: 3/3
   638 | D:1      | Found a faded altar of an unknown god.
   655 | D:1      | Prayed at the altar of an unknown god.
   655 | D:1      | Became a worshipper of Warmaster Okawaru
   655 | D:1      | Reached * piety under Okawaru
   836 | D:1      | Reached XP level 3. HP: 14/17 MP: 4/4
  2839 | D:2      | Reached skill level 8 in Stealth
  2839 | D:2      | Reached XP level 4. HP: 21/21 MP: 5/5
  3278 | D:3      | Noticed Grinder
  3297 | D:3      | Noticed a scorpion
  3693 | D:4      | Noticed a black bear
  3781 | D:3      | Identified the +0 robe "Tashror" {Rampage *Corrode rElec
                  | Str+3}
  3829 | D:3      | Paralysed by Grinder for 3 turns
  3835 | D:3      | Killed Grinder
  3836 | D:3      | Reached skill level 9 in Stealth
  3836 | D:3      | Reached XP level 5. HP: 24/24 MP: 6/6
  3836 | D:3      | Gained mutation: You are covered in thick fur. (AC +2)
                  | [Felid growth]
  3836 | D:3      | Reached XP level 6. HP: 28/28 MP: 7/7
  4358 | D:3      | Reached ** piety under Okawaru
  4359 | D:3      | HP: 1/28 [poisoned by a scorpion]
  4360 | D:3      | Succumbed to a scorpion's poison
  4361 | D:3      | Reached XP level 5. HP: -1/24 MP: 5/6
  5074 | D:4      | Learned a level 2 spell: Ensorcelled Hibernation
  5461 | D:4      | Reached XP level 6. HP: 28/28 MP: 7/7
  5594 | D:4      | Reached skill level 1 in Hexes
  5628 | D:5      | You fall into a shaft and drop 2 floors!
  5650 | D:7      | Found a staircase to the Ecumenical Temple.
  5672 | D:7      | Noticed a sky beast
  5686 | D:7      | Killed a sky beast
  5687 | D:7      | Reached skill level 1 in Spellcasting
  5687 | D:7      | Reached skill level 1 in Ice Magic
  5707 | D:7      | Reached XP level 7. HP: 16/31 MP: 8/10
  5718 | D:7      | Noticed Joseph
  5725 | D:7      | Killed Joseph
  5725 | D:7      | Reached *** piety under Okawaru
  5726 | D:7      | Reached skill level 10 in Stealth
  5885 | D:7      | Noticed a steam dragon
  5895 | D:7      | Reached skill level 5 in Dodging
  5901 | D:7      | Killed a steam dragon
  5901 | D:7      | Reached **** piety under Okawaru
  5902 | D:7      | Reached XP level 8. HP: 34/34 MP: 12/12
  6384 | D:9      | Reached skill level 11 in Stealth
  6675 | D:8      | Noticed a troll
  6750 | D:8      | Reached skill level 5 in Hexes
  7266 | D:8      | Reached XP level 9. HP: 14/39 MP: 15/15
  7267 | D:8      | Mangled by a yak
  7268 | D:8      | Reached XP level 8. HP: -12/36 MP: 14/14
  7314 | D:8      | Mangled by a troll

Illustrated notes

Levels and vault maps discovered:
D:1:      heliophobic_arrival_henge, layout_basic, basic_ecumenical_altar,
          minmay_shallow_snake_nest
D:2:      layout_basic, kennysheep_cluttered_room, st_stairs_3
D:3:      layout_basic, lightli_sewer_entry_pipes, uniq_grinder
D:4:      layout_cave_pods
D:5:      layout_loops_corners, gammafunk_ghost_icy,
          chequers_serial_rivers_micro_d
D:7:      layout_cave_pools, minmay_temple_entry_waves, uniq_joseph
D:8:      layout_rooms
D:9:      layout_grid_maze, corner_web_ring, minmay_tree_intersection,
          minmay_holes, minmay_misc_feat_chi

Skill      XL: |  1  2  3  4  5  6  7  8 |
---------------+-------------------------+-----
Stealth        | 7 8 9 10 11 | 11.7
Dodging        | 3 4 5 6 |  6.0
Unarmed Combat | 4 |  4.8
Hexes          | 2 4 5 |  5.8
Spellcasting   | 1 2 3 |  3.6
Ice Magic      | 1 2 3 |  3.8
Fighting       | |  3.7
Invocations    | |  0.5

Action                   |  1- 3 |  4- 6 |  7- 9 || total
-------------------------+-------+-------+-------++-------
Melee: Unarmed           |    90 |   103 |    89 ||   282
       Bite              |     7 |    18 |    17 ||    42
       Punch             |       |     2 |     5 ||     7
 Cast: Ensorcelled Hiber |       |     2 |     1 ||     3
Invok: Heroism           |       |     1 |     2 ||     3
       Finesse           |       |       |     1 ||     1
  Use: Scroll            |     2 |     3 |     5 ||    10
       Potion            |       |     6 |     1 ||     7
 Stab: Sleeping          |    16 |    10 |     8 ||    34
       Distracted        |       |       |     1 ||     1
Armor: Skin              |     3 |     7 |     2 ||    12
Dodge: Dodged            |    54 |    71 |    61 ||   186
